 Dungeon Crawl Stone Soup version 0.27.1-16-g815e20cd7a (webtiles) character file.

Game seed: 6368250891697692683

95 spaced the Sneak (level 4, -3/27 HPs)
             Began as an Octopode Hedge Wizard on Nov 21, 2021.
             Was an Initiate of Vehumet.
             Slain by a gnoll (6 damage)
             ... on level 3 of the Dungeon.
             The game lasted 00:16:57 (3505 turns).

spaced the Sneak (Octopode Hedge Wizard)            Turns: 3505, Time: 00:16:57

Health: -3/27      AC:  1    Str:  9    XL:     4   Next: 65%
Magic:  0/9        EV: 13    Int: 16    God:    Vehumet [......]
Gold:   129        SH:  0    Dex: 12    Spells: 0/10 levels left

rFire    + . .     SeeInvis .   j - +2 dagger (drain)
rCold    + . .     Faith    .   (no shield)
rNeg     . . .     Spirit   .   b - +0 hat
rPois    +         Reflect  .   h - amulet of the acrobat
rElec    +         Harm     .   (no ring)
rCorr    +         Rampage  .   (no ring)
Will     .....                  (no ring)
Stlth    +++.......             (no ring)
HPRegen  0.09/turn              (no ring)
MPRegen  0.11/turn              (no ring)
                                (no ring)
                                (no ring)

@: resistant
A: almost no armour, amphibious, 8 rings, camouflage 1, gelatinous body 1,
(nimble swimmer 1), tentacles
a: Renounce Religion


You were on level 3 of the Dungeon.
You worshipped Vehumet.
Vehumet was noncommittal.
You visited 1 branch of the dungeon, and saw 3 of its levels.

You collected 129 gold pieces.

Inventory:

Hand Weapons
 a - a +0 dagger
 j - a +2 dagger of draining (weapon)
Missiles
 k - 32 sling bullets
 n - 12 poisoned darts
Armour
 b - a +0 hat (worn)
Jewellery
 h - an amulet of the acrobat (around mantle)
Scrolls
 c - a scroll of vulnerability {unknown}
 d - 3 scrolls of teleportation
 e - a scroll of enchant armour {unknown}
 g - a scroll of blinking {unknown}
 i - a scroll of immolation {unknown}
 l - 2 scrolls of magic mapping
Potions
 f - a potion of berserk rage {unknown}
 m - a potion of resistance


   Skills:
 + Level 0.6 Short Blades
 + Level 2.5 Dodging
 + Level 4.0 Stealth
 + Level 3.8 Spellcasting
 + Level 1.7 Conjurations
 + Level 1.2 Summonings
 + Level 1.0 Translocations


You couldn't memorise any spells.
You knew the following spells:

 Your Spells              Type           Power      Damage    Failure   Level
a - Magic Dart            Conj           32%        1d4       9%          1
b - Blink                 Tloc           N/A        N/A       17%         2
c - Call Imp              Summ           7%         N/A       16%         2
d - Slow                  Hex            3%         N/A       26%         2
e - Conjure Flame         Conj/Fire      5%         6-21      36%         3

Your spell library contained the following spells:

 Spells                   Type           Power      Damage    Failure   Level
 Mephitic Cloud           Conj/Pois/Air  4%         N/A       38%         3


Dungeon Overview and Level Annotations

Branches:
Dungeon (3/15)

Altars:
Hepliaklqana
Ru
Trog
Vehumet

Shops:
D:2 (


Innate Abilities, Weirdness & Mutations

You cannot wear most types of armour.
You are amphibious.
You can wear up to eight rings at the same time.
Your skin changes colour to match your surroundings (Stealth+).
Your rubbery body absorbs attacks. (AC +1, EV +1)
((You are camouflaged near water. (Stealth+)))
You have tentacles for arms and can constrict up to eight enemies at once.


Message History

Your shadow imp dies!
Your shadow imp disappears in a puff of smoke!
The gnoll misses you.
Casting: Call Imp (safe; 16% risk of failure)
Confirm with . or Enter, or press ? or * to list all spells.
Aiming: Magic Dart (safe; 10% risk of failure)
Press: ? - help, Shift-Dir - straight line, f - gnoll
Aim: a gnoll, wielding a +0 club (moderately wounded, 100% to hit)
The magic dart hits the gnoll.
The gnoll is moderately wounded.
The gnoll closely misses you.
You hit the gnoll. You drain the gnoll. You grab the gnoll.
The gnoll is severely wounded.
You constrict the gnoll. The gnoll hits you with a +0 club.
The gnoll hits you from afar with a +0 spear.
You hit the gnoll but do no damage. You squeeze the gnoll.
You kill the gnoll!
Vehumet accepts your kill.
The gnoll hits you from afar with a +0 spear.
Casting: Magic Dart (safe; 9% risk of failure)
Confirm with . or Enter, or press ? or * to list all spells.
Aiming: Magic Dart (safe; 9% risk of failure)
Press: ? - help, Shift-Dir - straight line, f - gnoll
Aim: a gnoll, wielding a +0 spear (100% to hit)
The magic dart hits the gnoll.
The gnoll is moderately wounded.
The gnoll hits you from afar with a +0 spear.
Casting: Magic Dart (safe; 9% risk of failure)
Confirm with . or Enter, or press ? or * to list all spells.
Aiming: Magic Dart (safe; 9% risk of failure)
Press: ? - help, Shift-Dir - straight line, f/p - gnoll
Aim: a gnoll, wielding a +0 spear (moderately wounded, 100% to hit)
The magic dart hits the gnoll but does no damage.
The gnoll is moderately wounded.
The gnoll hits you from afar with a +0 spear!
* * * LOW HITPOINT WARNING * * *
It was a potion of resistance.
You feel protected.
The gnoll hits you from afar with a +0 spear.
You die...

##.#.# #...# ##..# #..#
#..###### #.>.....#
################.#
......[.# #.# ........#
#@#
........########)######
............g[)g......#
..........†g.....####.#
...................#*,*
........########.#.#*,*
........#******#.#...,*
..!......,,,,,,..#*###*
.........,,,,,,..#


You could see a gnoll.

Vanquished Creatures
  A gnoll (D:3)
  An adder (D:2)
  A worm (D:2)
  2 dart slugs
  An orc (D:3)
  8 ball pythons
  6 endoplasms
  3 giant cockroaches (D:2)
  4 hobgoblins
  8 jackals
  2 quokkas
  4 bats
  2 frilled lizards
  5 goblins
  3 kobolds
  4 rats
55 creatures vanquished.

Vanquished Creatures (collateral kills)
  An adder (D:2)
  2 kobolds
3 creatures vanquished.

Grand Total: 58 creatures vanquished

Notes
Turn   | Place    | Note
-------+----------+-------------------------------------------
     0 | D:1      | spaced the Octopode Hedge Wizard began the quest for the
                  | Orb.
     0 | D:1      | Reached XP level 1. HP: 11/11 MP: 4/4
   504 | D:1      | Reached XP level 2. HP: 6/17 MP: 3/6
   775 | D:1      | Learned a level 2 spell: Blink
   778 | D:1      | Learned a level 2 spell: Call Imp
  1346 | D:2      | Found Vualutri's Antique Weapon Emporium.
  1358 | D:1      | Reached skill level 3 in Stealth
  1745 | D:2      | Reached XP level 3. HP: 10/21 MP: 8/8
  1924 | D:2      | Found a hazy altar of Hepliaklqana.
  2211 | D:2      | Learned a level 2 spell: Slow
  2525 | D:2      | Reached XP level 4. HP: 27/27 MP: 6/9
  3185 | D:3      | Learned a level 3 spell: Conjure Flame
  3381 | D:3      | Found a hazy altar of Hepliaklqana.
  3382 | D:3      | Found a radiant altar of Vehumet.
  3384 | D:3      | Found a bloodstained altar of Trog.
  3384 | D:3      | Found a sacrificial altar of Ru.
  3400 | D:3      | Became a worshipper of Vehumet
  3472 | D:3      | Reached skill level 4 in Stealth
  3505 | D:3      | Slain by a gnoll

Illustrated notes

Levels and vault maps discovered:
D:1:      nzn_arrival_crosshair, layout_basic, grunt_decor_clamped, hex_tiny,
          hangedman_decor_push, chequers_garden, minmay_misc_feat_more_columns
D:2:      minmay_general_purpose_star, layout_loops_cross, basic_altar,
          serial_shops, shop, minmay_diced_spiral
D:3:      layout_basic, mainiacjoe_overflow_alcove_3

Skill      XL: |  1  2  3  4 |
---------------+-------------+-----
Stealth        | 3 4 |  4.0
Short Blades   | |  0.6
Dodging        | |  2.5
Spellcasting   | |  3.8
Conjurations   | |  1.7
Summonings     | |  1.2
Translocations | |  1.0

Action                   |  1- 3 |  4- 6 || total
-------------------------+-------+-------++-------
Melee: Dagger            |    57 |    20 ||    77
       Constrict         |    11 |     5 ||    16
       Tentacles         |     8 |     3 ||    11
 Cast: Magic Dart        |    37 |    24 ||    61
       Call Imp          |     4 |     3 ||     7
  Use: Potion            |     3 |     1 ||     4
       Scroll            |     1 |     1 ||     2
 Stab: Sleeping          |    11 |     5 ||    16
Armor: Skin              |     9 |     1 ||    10
Dodge: Dodged            |    78 |    11 ||    89
